 Dungeon Crawl Stone Soup version 0.17-b1-36-g7b1967c (webtiles) character file.

1207 tp1 the Infuser (level 8, -6/41 HPs)
             Began as a Deep Elf Conjurer on Nov 6, 2015.
             Mangled by a wight
             ... wielding a +0 trident
              (7 damage)
             ... on level 6 of the Dungeon.
             The game lasted 00:30:15 (6397 turns).

tp1 the Infuser (Deep Elf Conjurer)                 Turns: 6397, Time: 00:30:15

Health: -6/41      AC:  4    Str:  5    XL:     8   Next: 21%
Magic:  9/19       EV: 12    Int: 26    God:
Gold:   352        SH:  0    Dex: 15    Spells: 4 memorised, 9 levels left

rFire  + . .     SeeInvis .     (no weapon)
rCold  . . .     Clarity  +     a - +0 robe
rNeg   . . .     SustAt   .     (no shield)
rPois  .         Gourm    .     (no helmet)
rElec  .         Spirit   .     (no cloak)
rCorr  .         Warding  .     v - +0 pair of gloves
rMut   .         Stasis   .     n - +0 pair of boots
MR     .....                    j - amulet of clarity
Stlth  ++........               C - +3 ring of intelligence
                                r - ring of protection from fire

@: drained, not resistant to hostile enchantments, unstealthy
A: no striking features
a: no special abilities


You were on level 6 of the Dungeon.
You were hungry.

You visited 1 branch of the dungeon, and saw 6 of its levels.
You also visited: Sewer.

You collected 352 gold pieces.

Inventory:

Armour
 a - a +0 robe (worn)
 n - a +0 pair of boots (worn)
 p - a +0 buckler
 v - a +0 pair of gloves (worn)
 x - a +1 leather armour of poison resistance
Jewellery
 j - an amulet of clarity (around neck)
 r - a ring of protection from fire (left hand)
 C - a +3 ring of intelligence (right hand)
Wands
 m - a wand of lightning (4)
Scrolls
 g - a scroll of teleportation
 k - 4 scrolls of blinking
 l - a scroll of magic mapping {unknown}
 o - 2 scrolls of fear {unknown}
 s - 4 scrolls of remove curse {unknown}
 u - a scroll of immolation {unknown}
 w - a scroll of random uselessness {unknown}
Potions
 d - a potion of flight
 e - 3 potions of agility
 h - a potion of cancellation
 i - 5 potions of curing
 q - a potion of heal wounds
 t - 3 potions of invisibility
 B - a potion of poison {unknown}
Books
 b - a book of Conjurations

   Spells                             Type                      Level
   a - Magic Dart                     Conjuration                  1
   b - Searing Ray                    Conjuration                  2
   c - Dazzling Spray                 Conjuration/Hexes            3
   d - Fulminant Prism                Conjuration/Hexes            4
   e - Iskenderun's Mystic Blast      Conjuration                  4
   f - Iskenderun's Battlesphere      Conjuration/Charms           5
 y - a book of Maledictions

   Spells                             Type                      Level
   a - Corona                         Hexes                        1
   b - Ensorcelled Hibernation        Hexes/Ice                    2
   c - Confuse                        Hexes                        3
   d - Tukima's Dance                 Hexes                        3
   e - Dazzling Spray                 Conjuration/Hexes            3
 z - a book of Power

   Spells                             Type                      Level
   a - Fulminant Prism                Conjuration/Hexes            4
   b - Iskenderun's Mystic Blast      Conjuration                  4
   c - Venom Bolt                     Conjuration/Poison           5
   d - Bolt of Magma                  Conjuration/Fire/Earth       5
   e - Iron Shot                      Conjuration/Earth            6
   f - Orb of Destruction             Conjuration                  7
   g - Spellforged Servitor           Conjuration/Summoning        7
 A - a book of Dreams

   Spells                             Type                      Level
   a - Ensorcelled Hibernation        Hexes/Ice                    2
   b - Phase Shift                    Translocation                5
   c - Shadow Creatures               Summoning                    5
   d - Silence                        Hexes/Air                    5
   e - Darkness                       Hexes                        6
   f - Mass Confusion                 Hexes                        6
Comestibles
 c - 3 bread rations
 f - 3 meat rations


   Skills:
 - Level 2.4(2.0) Dodging
 - Level 2.4(2.0) Stealth
 - Level 6.5(6.1) Spellcasting
 + Level 6.5(6.1) Conjurations
 - Level 6.2(5.7) Hexes
 - Level 8.1(7.6) Charms


You had 9 spell levels left.
You knew the following spells:

 Your Spells              Type           Power        Failure   Level  Hunger
a - Magic Dart            Conj           ####         1%          1    None
b - Searing Ray           Conj           #####.       1%          2    None
c - Tukima's Dance        Hex            #####...     1%          3    None
d - Iskenderun's Battles  Conj/Chrm      #####...     14%         5    #####..


Dungeon Overview and Level Annotations

Branches:
Dungeon (6/15)
 Temple: D:4-7

Altars:
Dithmenos

Annotations:
D:4 Scarn's ghost, amateur OpAr


Message History

The wight hits you from afar with a trident.
The jackal bites your battlesphere.
A jackal comes into view.
Casting: Magic Dart
Confirm with . or Enter, or press ? or * to list all spells.
Aiming: Magic Dart
Press: ? - help, Shift-Dir - straight line, f - wight
Aim: a wight, wielding an enchanted battleaxe and wearing a robe The magic dart hits the wight.
The wight is lightly damaged.
Your battlesphere fires!
The barrage of energy hits the wight.
The wight is almost destroyed.
The wight hits you with an enchanted battleaxe!
* * * LOW HITPOINT WARNING * * *
The wight hits your battlesphere with an enchanted battleaxe!
Your battlesphere is destroyed!
The adder bites you but does no damage.
The wight hits you from afar with a trident!
You die...

# #..#####
#.h.h@.#
.....§z#S#
#.#.#.z .#
#.... .#
..#.# .#
....#. .#
... #. .#
.. .. .#


You could see 2 wights, an adder and 2 jackals.

Vanquished Creatures
  Grinder (D:5)
  A sky beast (D:5)
  Purgy (Sewer)
  An ice beast (D:5)
  An ogre (D:5)
  2 wights (D:6)
  2 orc priests
  An iguana (D:5)
  A centaur skeleton (D:5)
  2 giant frog skeletons
  Terence (D:2)
  Natasha (D:2)
  An orc wizard (D:5)
  A worker ant (D:4)
  A hound skeleton (D:4)
  A worker ant zombie (D:5)
  11 adders
  4 gnolls
  A shadow imp (D:5)
  2 oozes
  An adder skeleton (D:5)
  An adder zombie (D:5)
  2 worms
  4 giant geckos
  14 orcs
  3 ball pythons
  10 bats
  7 giant cockroaches
  11 hobgoblins
  6 jackals
  A quokka (D:4)
  5 giant newts
  6 goblins
  13 kobolds
  A quokka skeleton (D:5)
  11 rats
133 creatures vanquished.

Notes
Turn   | Place    | Note
--------------------------------------------------------------
     0 | D:1      | tp1 the Deep Elf Conjurer began the quest for the Orb.
     0 | D:1      | Reached XP level 1. HP: 10/10 MP: 6/6
   393 | D:1      | Reached XP level 2. HP: 15/15 MP: 5/8
   399 | D:1      | Learned a level 2 spell: Searing Ray
   399 | D:1      | Reached skill level 5 in Conjurations
  1412 | D:2      | Reached XP level 3. HP: 19/19 MP: 2/10
  1428 | D:2      | Noticed Terence
  1780 | D:2      | Killed Terence
  1806 | D:2      | Reached skill level 5 in Spellcasting
  2004 | D:2      | Reached XP level 4. HP: 24/24 MP: 5/13
  3035 | D:3      | Reached skill level 6 in Spellcasting
  3062 | D:3      | Noticed Natasha
  3082 | D:2      | Killed Natasha
  3082 | D:2      | Reached XP level 5. HP: 3/28 MP: 12/16
  3092 | D:2      | Learned a level 5 spell: Iskenderun's Battlesphere
  3242 | D:3      | Found a shadowy altar of Dithmenos.
  3282 | D:3      | Reached skill level 1 in Charms
  3609 | D:3      | Found a glowing drain.
  3619 | Sewer    | Entered a sewer
  3752 | Sewer    | Noticed Purgy
  3756 | Sewer    | Killed Purgy
  3756 | Sewer    | Reached XP level 6. HP: 28/32 MP: 8/17
  3988 | D:3      | Reached skill level 5 in Charms
  4316 | D:4      | Noticed Scarn's ghost (amateur OpAr)
  4584 | D:4      | Learned a level 3 spell: Tukima's Dance
  5050 | D:5      | Entered Level 5 of the Dungeon
  5058 | D:5      | Reached skill level 7 in Charms
  5303 | D:5      | Reached skill level 8 in Charms
  5303 | D:5      | Reached XP level 7. HP: 30/36 MP: 5/18
  5480 | D:5      | Reached skill level 1 in Hexes
  5551 | D:5      | Noticed Grinder
  5556 | D:5      | Killed Grinder
  5579 | D:5      | Reached skill level 5 in Hexes
  6094 | D:5      | Reached XP level 8. HP: 41/41 MP: 10/19
  6397 | D:6      | HP: 1/41 [wight/enchanted battleaxe (13)]
  6397 | D:6      | Mangled by a wight

Action                   |  1- 3 |  4- 6 |  7- 9 || total
-------------------------+-------+-------+-------++-------
Melee: Unarmed           |       |     8 |       ||     8
 Cast: Magic Dart        |    65 |   150 |    41 ||   256
       Searing Ray       |     4 |     7 |       ||    11
       Iskenderun's Batt |       |     9 |    11 ||    20
  Use: Potion            |       |     2 |     1 ||     3
       Scroll            |       |     9 |       ||     9
  Eat: Chunk             |     3 |     8 |     1 ||    12
       Beef jerky        |       |     2 |       ||     2
       Pizza             |       |     1 |       ||     1
       Meat ration       |       |       |     1 ||     1
